 Dungeon Crawl Stone Soup version 0.27.1-33-g824d729ab1 (webtiles) character file.

Game seed: 409980438983970123

382 pkoi the Ruffian (level 6, -2/47 HPs)
             Began as a Draconian Transmuter on Dec 12, 2021.
             Slain by a gnoll (3 damage)
             ... on level 3 of the Dungeon.
             The game lasted 00:03:01 (2884 turns).

pkoi the Ruffian (Draconian Transmuter)             Turns: 2884, Time: 00:03:02

Health: -2/47      AC:  6    Str: 12    XL:     6   Next: 47%
Magic:  9/9        EV: 12    Int: 22    God:
Gold:   88         SH:  0    Dex: 11    Spells: 6/9 levels left

rFire    . . .     SeeInvis .   f - +2 whip (elec)
rCold    . . .     Faith    .   (no shield)
rNeg     . . .     Spirit   .   (armour unavailable)
rPois    .         Reflect  .   (helmet restricted)
rElec    .         Harm     .   (no cloak)
rCorr    .         Rampage  .   (no gloves)
Will     .....                  (no boots)
Stlth    +.........             (no amulet)
HPRegen  0.15/turn              g - +6 ring of intelligence
MPRegen  0.11/turn              i - ring of flight

@: flying
A: AC +6, unfitting armour, cold-blooded
a: no special abilities


You were on level 3 of the Dungeon.
You visited 1 branch of the dungeon, and saw 4 of its levels.

You collected 88 gold pieces.

Inventory:

Hand Weapons
 f - a +2 whip of electrocution (weapon)
Jewellery
 g - a +6 ring of intelligence (left hand)
 i - a ring of flight (right hand)
 k - a ring of magical power
Scrolls
 c - a scroll of teleportation
 l - a scroll of blinking {unknown}
Potions
 a - a potion of ambrosia {unknown}
 b - a potion of flight {unknown}
 d - a potion of cancellation {unknown}
 e - 4 potions of curing
 h - a potion of heal wounds {unknown}
 j - a potion of magic {unknown}


   Skills:
 - Level 1.1 Fighting
 - Level 1.7 Dodging
 + Level 7.4 Unarmed Combat
 - Level 2.0 Spellcasting
 - Level 2.0 Transmutations


You had 6 spell levels left.
You knew the following spells:

 Your Spells              Type           Power      Damage    Failure   Level
a - Beastly Appendage     Tmut           22%        N/A       6%          1
b - Blink                 Tloc           N/A        N/A       21%         2

Your spell library contained the following spells:

 Spells                   Type           Power      Damage    Failure   Level
 Wereblood                Tmut           11%        N/A       9%          2
 Static Discharge         Conj/Air       2%         N/A       21%         2
 Spider Form              Tmut/Pois      3%         N/A       26%         3
 Lesser Beckoning         Tloc           1%         N/A       38%         3
 Ice Form                 Ice/Tmut       6%         N/A       65%         4
 Fireball                 Conj/Fire      1%         3d3       98%         5
 Lightning Bolt           Conj/Air       1%         1d12      98%         5
 Manifold Assault         Tloc           2%         N/A       98%         5
 Starburst                Conj/Fire      1%         6d3       100%        6
 Ignition                 Fire           1%         3d3       100%        8
 Maxwell's Capacitive Co  Air            1%         ∞         100%        8


Dungeon Overview and Level Annotations

Branches:
Dungeon (4/15)
 Temple: D:4-7

Altars:
Ashenzari


Innate Abilities, Weirdness & Mutations

Your plain brown scales are hard. (AC +6)
You cannot fit into any form of body armour.
You are cold-blooded and may be slowed by cold attacks.


Message History

The gnoll misses you.
You hit the goblin. You tail-slap the goblin.
The goblin is severely wounded.
The gnoll hits you but does no damage. The goblin barely misses you.
The gnoll closely misses you.
You hit the goblin.
You kill the goblin!
The gnoll hits you from afar with a +0 spear.
The gnoll hits you from afar with a +0 spear!
The gnoll hits you from afar with a +0 spear.
You see here a +0 club.
The gnoll hits you with a +0 spear.
* * * LOW HITPOINT WARNING * * *
The gnoll hits you from afar with a +0 spear.
* * * LOW HITPOINT WARNING * * *
There is an escape hatch in the ceiling here.
The gnoll barely misses you. A mysterious force pulls you upwards.
The hatch slams shut behind you.
Unknown command.
Unknown command.
You hit the gnoll.
Your tail-slap misses the gnoll.
The gnoll is moderately wounded.
The gnoll barely misses you.
You barely miss the gnoll.
Your tail-slap misses the gnoll.
The gnoll is moderately wounded.
The gnoll hits you with a +0 spear!
* * * LOW HITPOINT WARNING * * *
You hit the gnoll.
The gnoll is heavily wounded.
The gnoll misses you.
You barely miss the gnoll.
The gnoll is heavily wounded.
The gnoll hits you with a +0 spear.
* * * LOW HITPOINT WARNING * * *
You hit the gnoll.
The gnoll is severely wounded.
The gnoll hits you with a +0 spear.
* * * LOW HITPOINT WARNING * * *
The gnoll hits you with a +0 spear.
You die...

#######..#.#
##...............## #
#..#.####.#######.######..#
#######..........#
#..#######.#
...........####.##
##.)........# ########.###
#.# #.#...##...#.
.........# #.#
#..#..##..#.. ##########
#.# #...#....#...
#g#####....#..#....
#.@.....##..##..##.
######..##..##..##.
#.....#..#....
#....#....#...
#...#..##..#..
#..#...##...#.
#.#..........#
#............#
##############


You could see a gnoll.

Vanquished Creatures
  Sigmund (D:2)
  Natasha (twice) (D:2)
  An orc wizard (D:3)
  4 gnolls
  3 adders (D:3)
  2 worms (D:2)
  A dart slug (D:1)
  9 orcs (D:3)
  8 endoplasms
  3 giant cockroaches
  7 goblins
  8 hobgoblins
  9 kobolds
  4 quokkas
  6 ball pythons
  4 bats
  4 frilled lizards
  2 rats (D:1)
78 creatures vanquished.

Notes
Turn   | Place    | Note
-------+----------+-------------------------------------------
     0 | D:1      | pkoi the Draconian Transmuter began the quest for the Orb.
     0 | D:1      | Reached XP level 1. HP: 16/16 MP: 3/3
   101 | D:1      | Reached XP level 2. HP: 23/23 MP: 5/5
   444 | D:1      | Reached skill level 4 in Unarmed Combat
   610 | D:1      | Reached XP level 3. HP: 22/28 MP: 6/6
   735 | D:1      | Found a faded altar of an unknown god.
   772 | D:2      | Noticed Natasha
   783 | D:2      | Killed Natasha
   952 | D:1      | Reached skill level 5 in Unarmed Combat
   952 | D:1      | Reached XP level 4. HP: 26/35 MP: 7/7
  1061 | D:2      | Noticed Natasha
  1070 | D:2      | Killed Natasha
  1514 | D:2      | Reached XP level 5. HP: 38/40 MP: 8/8
  1600 | D:2      | Noticed Sigmund
  1613 | D:2      | Killed Sigmund
  1614 | D:2      | Reached skill level 6 in Unarmed Combat
  1614 | D:2      | Reached XP level 6. HP: 33/47 MP: 9/9
  1993 | D:3      | Reached skill level 7 in Unarmed Combat
  2549 | D:3      | Learned a level 2 spell: Blink
  2820 | D:4      | Found a broken altar of Ashenzari.
  2884 | D:3      | HP: 1/47 [gnoll (4)]
  2884 | D:3      | Slain by a gnoll

Illustrated notes

Levels and vault maps discovered:
D:1:      lemuel_arrival_rhombus, layout_basic,
          hellmonk_ecumenical_altar_leap_of_faith
D:2:      layout_rooms, minivault_19, minivault_4, minmay_misc_feat_roman,
          uniq_sigmund, uniq_natasha
D:3:      layout_loops_ring, serial_glass, glass_columns_a, glass_columns_a,
          glass_columns_c, glass_columns_b, minivault_26
D:4:      layout_cave_pools, mainiacjoe_overflow_24_doors, minitemple,
          lemuel_crystal_altar, nicolae_dithmenos_through_a_glass_darkly,
          grunt_ministairs_4, minmay_misc_feat_enclosed, hangedman_decor_lopped,
          uniq_ijyb

Skill      XL: |  1  2  3  4  5  6 |
---------------+-------------------+-----
Unarmed Combat | 4 5 6 7 |  7.4
Fighting       | |  1.1
Dodging        | |  1.7
Spellcasting   | |  2.0
Transmutations | |  2.0

Action                   |  1- 3 |  4- 6 || total
-------------------------+-------+-------++-------
Melee: Unarmed           |    46 |       ||    46
       Kick              |     2 |       ||     2
       Tailslap          |     8 |    19 ||    27
       Whip              |    33 |   131 ||   164
       Punch             |     1 |     1 ||     2
 Cast: Beastly Appendage |     2 |       ||     2
  Use: Scroll            |       |     2 ||     2
 Stab: Sleeping          |     1 |     1 ||     2
Armor: Skin              |    24 |    47 ||    71
Dodge: Dodged            |    45 |    93 ||   138
